 Dungeon Crawl Stone Soup version 5.7-8-g3a8b389 (webtiles) character file.

1696 Psymania the Sneak (level 10, -3/82 HPs)
             Began as a Gnoll Wanderer on Jan 25, 2020.
             Was a Priest of Makhleb.
             Slain by a black mamba (7 damage)
             ... on level 9 of the Dungeon.
             The game lasted 00:45:26 (9091 turns).

Psymania the Sneak (Gnoll Wanderer)                 Turns: 9091, Time: 00:45:28

Health: -3/82      AC: 11 (24%)Str: 11  XL:     10   Next: 45%
Magic:  22/22      EV: 13    Int: 17    God:    Makhleb [3*[79]]
Gold:   665        SH:  3    Dex: 14    Spells: 6/18 levels left

rFire    . . .     SeeInvis .   a - +0 glaive
rCold    . . .     Faith    .   (shield currently unavailable)
rNeg     . . .     Spirit   .   I - +1 ring mail of Creativity {rElec rPois MP+9 Str-4}
rPois    +         Reflect  +   F - +0 hat
rElec    +                      t - +0 cloak
rCorr    .                      q - +0 pair of gloves
MR       +....                  g - +0 pair of boots
Stlth    +++++.....             e - +3 amulet of reflection
Regen    0.8/turn               k - ring of protection from magic
MPRegen  0.3/turn               r - +5 ring of intelligence

@: regenerating
A: no striking features
a: End Regeneration, Minor Destruction, Lesser Servant of Makhleb, Renounce
Religion


You were on level 9 of the Dungeon.
You worshipped Makhleb.
Makhleb was most pleased with you.
You were not hungry.

You visited 1 branch of the dungeon, and saw 9 of its levels.

You collected 665 gold pieces.

Inventory:

Hand Weapons
 a - a +0 glaive (weapon)
 b - a +0 longbow
 c - a +1 vampiric war axe
 s - a +2 dagger of draining
Missiles
 A - 229 poisoned darts (quivered)
 B - 27 frenzy darts
 C - 9 curare darts
 D - 60 javelins
 E - 2 tomahawks
Armour
 g - a +0 pair of boots (worn)
 q - a +0 pair of gloves (worn)
 t - a +0 cloak (worn)
 F - a +0 hat (worn)
 I - the +1 ring mail of Creativity (worn) {rElec rPois MP+9 Str-4}
   (You found it on level 7 of the Dungeon)

   It affects your strength (-4).
   It insulates you from electricity.
   It protects you from poison.
   It affects your magic capacity (+9).
Jewellery
 e - a +3 amulet of reflection (around neck)
 k - a ring of protection from magic (left hand)
 r - a +5 ring of intelligence (right hand)
 w - an uncursed ring of poison resistance
Scrolls
 d - 11 scrolls of teleportation
 f - 2 scrolls of fog
 i - 3 scrolls of enchant armour
 m - a scroll of magic mapping
 o - a scroll of enchant weapon
 p - 3 scrolls of amnesia
 z - a scroll of blinking
 G - a scroll of brand weapon
Potions
 h - 2 potions of cancellation
 l - 5 potions of invisibility
 n - a potion of flight
 u - a potion of resistance
 v - a potion of mutation
 x - 3 potions of lignification
 y - 3 potions of ambrosia


   Skills:
 + Level 8.5 Fighting
 + Level 5.5 Blades
 + Level 5.5(7.2) Axes
 + Level 8.5 Maces & Staves
 + Level 5.5 Polearms
 + Level 5.5 Bows & Xbows
 + Level 7.0 Throwing
 + Level 5.5 Armour
 + Level 5.5 Dodging
 + Level 10.8 Stealth
 + Level 5.5 Shields
 + Level 5.5 Unarmed Combat
 + Level 5.5 Hexes
 + Level 5.5 Charms
 + Level 5.5 Summonings
 + Level 5.5 Necromancy
 + Level 5.5 Translocations
 + Level 5.5 Transmutations
 + Level 5.5 Fire Magic
 + Level 5.5 Ice Magic
 + Level 5.5 Air Magic
 + Level 5.5 Earth Magic
 + Level 5.5 Invocations
 + Level 7.0 Evocations


You had 6 spell levels left.
You knew the following spells:

 Your Spells              Type           Power        Failure   Level  Hunger
a - Sublimation of Blood  Necr           18 (200)     9%          2    N/A
b - Regeneration          Chrm/Necr      18 (200)     16%         3    N/A
c - Ignite Poison         Fire/Tmut      18 (100)     16%         3    N/A
d - Cause Fear            Hex            18 (200)     47%         4    N/A

Your spell library contained the following spells:

 Spells                   Type           Power        Failure   Level  Hunger
 Fireball                 Fire           18 (200)     83%         5    N/A
 Bolt of Fire             Fire           18 (200)     100%        6    N/A
 Haste                    Chrm           18 (200)     100%        9    N/A
 Ring of Flames           Chrm/Fire      18 (200)     100%        7    N/A
 Olgreb's Toxic Radiance  Hex            18 (100)     83%         5    N/A
 Animate Dead             Necr           18 (200)     47%         4    N/A
 Pain                     Necr           18 (25)      5%          1    N/A
 Control Undead           Necr           18 (200)     47%         4    N/A
 Vampiric Draining        Necr           18 (200)     16%         3    N/A
 Deflect Missiles         Chrm/Air       18 (200)     100%        6    N/A
 Silence                  Hex/Air        18 (200)     47%         4    N/A
 Leda's Liquefaction      Hex/Erth       18 (200)     47%         4    N/A
 Summon Hydra             Summ           18 (200)     100%        7    N/A
 Discord                  Hex            18 (200)     100%        8    N/A
 Summon Forest            Summ/Tloc      18 (200)     83%         5    N/A
 Hydra Form               Tmut           18 (200)     100%        6    N/A
 Yara's Violent Unravell  Hex/Tmut       18 (200)     83%         5    N/A
 Ignition                 Fire           18 (200)     100%        8    N/A

Dungeon Overview and Level Annotations

Branches:
Dungeon (9/15)

Altars:
Cheibriados
Dithmenos
Elyvilon
Gozag
Jiyva
Kikubaaqudgha
Lugonu
Makhleb
Nemelex Xobeh
Okawaru
Qazlal
Ru
Sif Muna
Trog
Uskayaw
Vehumet
Wu Jian
Xom
Yredelemnul
Zin
The Shining One


Message History

Your orange demon completely misses the black mamba.
The black mamba barely misses you.
Your orange demon barely misses the black mamba.
The black mamba closely misses you. x2
Your orange demon closely misses the black mamba.
The black mamba bites you (6).
* * * LOW HITPOINT WARNING * * *
You slash the black mamba (8)!
The black mamba is severely wounded.
The black mamba bites you (7)!
* * * LOW HITPOINT WARNING * * *
The black mamba bites you but does no damage.
Your orange demon completely misses the black mamba.
You hit the black mamba (4).
The black mamba is severely wounded.
The black mamba closely misses you. The black mamba bites you (10)!
* * * LOW HITPOINT WARNING * * *
Your orange demon closely misses the black mamba.
The black mamba bites you (7)!
You die...

#.......#......+....#.#.# #.#..
#.......####'########...# #....
#.......................# #....
#..#######...##..##..#### ####.
#............##..##..# #.
#....................# #.
#..........#######'###### #.
#..######..#........#...# #.
#..........#..@##...'.#.+ #.
#..>.......'4.S##...#.#.# #.
#..........#...##...#...#+####.
#..........#...##...#..........
#..........##########...##..#.#
#............ .........##....#
#.................##.......####
#...###....................# #
. ...S...##.###############


You could see a black mamba and a friendly orange demon.

Vanquished Creatures
  A cyclops (D:9)
  Grinder (D:6)
  2 wyverns
  3 yaks (D:9)
  A water moccasin (D:9)
  An orc warrior (D:8)
  2 wasps (D:8)
  An ice beast (D:7)
  A black bear (D:9)
  6 ogres
  A howler monkey (D:7)
  3 bullfrogs
  A wyvern zombie (D:7)
  A water moccasin zombie (D:8)
  A water moccasin skeleton (D:8)
  3 killer bees (D:9)
  A crimson imp (D:7)
  4 wights (D:8)
  A bullfrog zombie (D:6)
  A quasit (D:5)
  A centaur zombie (D:9)
  An orc priest (D:4)
  4 orc wizards (D:6)
  3 hounds
  Terence (D:3)
  A worker ant (D:4)
  2 killer bee zombies
  5 iguanas
  2 gnolls (D:5)
  4 adders
  2 shadow imps
  An ooze (D:3)
  2 dart slugs
  15 orcs
  5 quokkas
  5 giant cockroaches
  9 goblins
  8 hobgoblins
  11 jackals
  2 ball pythons
  5 bats
  8 frilled lizards
  A goblin skeleton (D:7)
  2 goblin zombies (D:7)
  2 hobgoblin zombies (D:7)
  9 kobolds
  3 kobold skeletons (D:7)
  3 kobold zombies (D:7)
  An orc zombie (D:7)
  A quokka skeleton (D:5)
  32 rats
187 creatures vanquished.

Vanquished Creatures (collateral kills)
  An orc sorcerer (D:9)
  A troll (D:9)
  A wyvern (D:8)
  2 howler monkeys (D:7)
  An orc priest (D:8)
  2 orcs (D:8)
8 creatures vanquished.

Vanquished Creatures (others)
  A jackal (D:3)
1 creature vanquished.

Grand Total: 196 creatures vanquished

Notes
Turn   | Place    | Note
-------+----------+-------------------------------------------
     0 | D:1      | Psymania the Gnoll Wanderer began the quest for the Orb.
     0 | D:1      | Psymania set off with: a +2 mace, a +0 ring mail, a potion of lignification, a +0 dagger
     0 | D:1      | Reached XP level 1. HP: 19/19 MP: 2/2
    89 | D:1      | Reached XP level 2. HP: 26/26 MP: 3/3
   558 | D:1      | Reached XP level 3. HP: 28/33 MP: 5/5
   895 | D:2      | Found a sacrificial altar of Ru.
  1112 | D:2      | Reached XP level 4. HP: 39/39 MP: 6/6
  1199 | D:2      | Found a burning altar of Makhleb.
  1231 | D:2      | Found a stormy altar of Qazlal.
  1232 | D:2      | Noticed Terence
  1401 | D:2      | Found a faded altar of an unknown god.
  1476 | D:2      | Found a hide-covered altar of Uskayaw.
  1476 | D:2      | Noticed a hand axe
  1477 | D:2      | Noticed a dagger
  1586 | D:2      | Became a worshipper of Makhleb the Destroyer
  1617 | D:3      | Killed Terence
  1856 | D:3      | Found a bloodstained altar of Trog.
  1914 | D:3      | Reached XP level 5. HP: 23/46 MP: 8/8
  2797 | D:3      | Found a glowing silver altar of Zin.
  2937 | D:4      | Reached XP level 6. HP: 32/53 MP: 10/10
  3076 | D:4      | Noticed a wyvern
  3094 | D:4      | HP: 1/53 [orc/+0 whip (2)]
  3095 | D:4      | Killed a wyvern
  3415 | D:4      | Found a corrupted altar of Lugonu.
  3821 | D:4      | Found a white marble altar of Elyvilon.
  4044 | D:4      | Reached XP level 7. HP: 60/60 MP: 12/12
  4225 | D:5      | Entered Level 5 of the Dungeon
  4225 | D:5      | Found an ornate altar of the Wu Jian Council.
  4240 | D:5      | Found a radiant altar of Vehumet.
  4259 | D:5      | Learned a level 4 spell: Cause Fear
  4311 | D:5      | Found an iron altar of Okawaru.
  4338 | D:5      | Learned a level 2 spell: Sublimation of Blood
  4339 | D:5      | Learned a level 3 spell: Regeneration
  4452 | D:5      | Found a snail-covered altar of Cheibriados.
  4463 | D:5      | Reached * piety under Makhleb
  4526 | D:5      | Found a bloodstained altar of Trog.
  5128 | D:5      | Reached ** piety under Makhleb
  5218 | D:5      | Found a basalt altar of Yredelemnul.
  5544 | D:6      | Found an opulent altar of Gozag.
  5773 | D:6      | Reached XP level 8. HP: 60/67 MP: 14/14
  6086 | D:6      | Noticed Grinder
  6088 | D:6      | Paralysed by Grinder for 3 turns
  6096 | D:6      | Killed Grinder
  6363 | D:7      | Found a deep blue altar of Sif Muna.
  6415 | D:7      | Found a glowing golden altar of the Shining One.
  6700 | D:7      | Found an iron altar of Okawaru.
  6850 | D:7      | Found a sparkling altar of Nemelex Xobeh.
  6860 | D:7      | Found an ancient bone altar of Kikubaaqudgha.
  6905 | D:7      | Found a shadowy altar of Dithmenos.
  6924 | D:7      | Reached XP level 9. HP: 74/74 MP: 15/15
  6937 | D:7      | Got the +1 ring mail of Creativity {rElec rPois MP+9 Str-4}
  7066 | D:7      | Found a viscous altar of Jiyva.
  7066 | D:7      | Found a shimmering altar of Xom.
  7175 | D:8      | Found a radiant altar of Vehumet.
  7389 | D:8      | Reached *** piety under Makhleb
  7656 | D:8      | Learned a level 3 spell: Ignite Poison
  7832 | D:8      | HP: 1/74 [orc warrior/-2 glaive (13)]
  8242 | D:9      | Noticed a troll
  8258 | D:9      | Killed a troll
  8467 | D:9      | Noticed a cyclops
  8473 | D:9      | Killed a cyclops
  8473 | D:9      | Reached XP level 10. HP: 82/82 MP: 13/13
  8527 | D:9      | Noticed an orc sorcerer
  8537 | D:9      | Killed an orc sorcerer
  9035 | D:9      | Noticed a black mamba
  9091 | D:9      | HP: 4/82 [black mamba (10)]
  9091 | D:9      | Slain by a black mamba

Action                   |  1- 3 |  4- 6 |  7- 9 | 10-12 || total
-------------------------+-------+-------+-------+-------++-------
Melee: Mace              |    15 |       |       |       ||    15
       Hand axe          |    52 |   101 |   129 |       ||   282
       Dagger            |    10 |     8 |    31 |     3 ||    52
       Punch             |       |       |     4 |       ||     4
       Flail             |       |       |    39 |       ||    39
       War axe           |       |       |    81 |    39 ||   120
       Glaive            |       |       |       |     7 ||     7
 Fire: Longbow           |       |     2 |       |       ||     2
Throw: Poisoned dart     |       |     8 |     2 |       ||    10
       Frenzy dart       |       |     1 |     3 |       ||     4
       Curare dart       |       |       |     4 |     4 ||     8
       Tomahawk          |       |       |     1 |       ||     1
 Cast: Regeneration      |       |       |     2 |       ||     2
Invok: Minor Destruction |       |       |    14 |    12 ||    26
       Lesser Servant of |       |       |     2 |     2 ||     4
 Abil: End Regeneration  |       |       |     1 |       ||     1
  Use: Potion            |       |     1 |     5 |       ||     6
       Scroll            |       |       |     5 |     2 ||     7
 Stab: Sleeping          |     9 |     9 |    29 |     3 ||    50
Armor: Ring mail         |    29 |    35 |    77 |    20 ||   161
       Leather armour    |       |       |     4 |       ||     4
Dodge: Dodged            |    41 |    85 |   179 |    54 ||   359
Block: Other             |     8 |    17 |    33 |     5 ||    63
